Sound Tigers vs Rampage
Created - March 30, 2023 at 19:15
Goals
|
| Sound Tigers |
2 |
1 |
2 |
5 |
| Rampage |
4 |
0 |
0 |
4 |
|
Shots
|
| Sound Tigers |
10 |
10 |
6 |
26 |
| Rampage |
16 |
6 |
8 |
30 |
|
1st period
1. Sound Tigers , Pavel Kraskovsky 26 (Ben Thomson 19, Miro Heiskanen 16) at 2:37
2. Rampage , Jordan Kyrou 28 (Matt Roy 13, Dominik Simon 44) at 8:25
3. Sound Tigers , Joe Labate 11 (Garret Ross 36, Borna Rendulic 31) at 12:43
4. Rampage , Jordan Kyrou 29 (Rourke Chartier 44, Dylan Blujus 8) at 14:03
5. Rampage , Jordan Kyrou 30 (Rourke Chartier 45) at 15:02
6. Rampage , Jordan Kyrou 31 (Dylan Blujus 9, Rourke Chartier 46) at 18:14
Penalties :
Casey Staum (BRI) for High sticking (Minor) at 9:21
2nd period
7. Sound Tigers , Ben Thomson 16 (Pavel Kraskovsky 37, Garret Ross 37) at 12:02
Penalties :
Casey Staum (BRI) for Hooking (Minor) at 3:59, James Livingstone (BRI) for Hooking (Minor) at 15:47
3rd period
8. Sound Tigers , Pavel Kraskovsky 27 (Taylor Aronson 3, James Livingstone 24) at 2:30
9. Sound Tigers , Tyrell Goulbourne 6 (Josh Archibald 9, Taylor Aronson 4) at 10:52
Penalties :
Emil Bemstrom (San) for Hooking (Minor) at 3:34, Dominik Simon (San) for High sticking (Minor) at 7:27
Goalie Stats
Chris Driedger (BRI), 14 saves from 14 shots - (1.000), W, 4-6-0, 41:46 minutes
Pavel Francouz (BRI), 12 saves from 16 shots - (0.750), 18:14 minutes
Jake Oettinger (San), 21 saves from 26 shots - (0.808), L, 23-18-2, 58:52 minutes
Players Stats for Sound Tigers
Player Name G A P +/- PIM S H SB GA TA FO MP PP MP PK MP
------------------------------------------------------------------------------------
Alex Steeves 0 0 0 0 0 0 0 0 0 0 0/0 0:00 0:00 0:00
Alex Tuch 0 0 0 -3 0 5 1 1 1 0 0/1 23:04 2:10 3:28
Alexander Yelesin 0 0 0 -2 0 0 1 2 0 0 0/0 14:25 0:23 0:00
Ben Johnson 0 0 0 0 0 0 0 0 0 0 0/0 0:24 0:00 0:11
Ben Thomson 1 1 2 2 0 2 1 1 0 1 0/0 11:06 0:10 0:44
Blake Speers 0 0 0 0 0 0 0 0 0 0 0/0 0:00 0:00 0:00
Borna Rendulic 0 1 1 -3 0 1 4 1 0 0 0/1 19:41 2:10 0:00
Brad Ross 0 0 0 0 0 0 0 0 0 0 0/0 0:10 0:05 0:00
Brandon Gignac 0 0 0 0 0 0 0 0 0 0 0/0 0:00 0:00 0:00
Casey Staum 0 0 0 -2 4 0 0 0 0 0 0/0 14:39 0:23 0:00
Gabriel Carlsson 0 0 0 3 0 0 0 2 0 1 0/0 26:19 1:44 3:26
Garret Pilon 0 0 0 0 0 0 0 0 0 0 0/0 0:00 0:00 0:00
Garret Ross 0 2 2 1 0 4 4 1 1 0 0/0 17:54 1:43 1:45
James Livingstone 0 1 1 1 2 2 2 0 0 0 0/0 16:41 1:43 0:36
Joe Labate 1 0 1 1 0 3 3 0 0 0 6/15 17:54 1:43 1:45
Josh Archibald 0 1 1 1 0 0 0 0 0 0 0/0 8:01 0:00 0:00
Miro Heiskanen 0 1 1 0 0 0 1 0 0 0 0/0 19:16 1:51 2:31
Nick Blankenburg 0 0 0 0 0 0 2 2 0 0 0/0 19:16 1:51 2:31
Noah Cates 0 0 0 0 0 0 0 0 0 0 0/0 0:00 0:00 0:00
Pavel Kraskovsky 2 1 3 2 0 3 0 0 0 0 0/2 9:54 0:00 0:00
Rhett Gardner 0 0 0 1 0 1 0 0 0 0 1/1 8:01 0:00 0:00
Ross Colton 0 0 0 2 0 0 0 0 0 0 0/0 9:54 0:00 0:00
Ryan Hartman 0 0 0 -3 0 3 4 0 3 1 14/39 23:01 2:10 3:25
Taylor Aronson 0 2 2 3 0 1 0 2 1 2 0/0 26:19 1:44 3:26
Tyrell Goulbourne 1 0 1 1 0 1 3 0 0 0 0/0 8:01 0:00 0:00
Players Stats for Rampage
Player Name G A P +/- PIM S H SB GA TA FO MP PP MP PK MP
------------------------------------------------------------------------------------
Adam Clendening 0 0 0 -1 0 0 0 0 0 0 0/0 13:15 0:00 0:00
Anthony Richard 0 0 0 -1 0 2 1 1 0 0 7/7 12:05 0:00 1:36
Christian Dvorak 0 0 0 -2 0 0 4 1 0 0 1/2 17:09 2:25 1:03
Collin Miller 0 0 0 -1 0 0 0 0 0 0 0/0 14:43 0:00 2:33
Dominik Simon 0 1 1 2 2 4 2 0 1 0 1/1 22:40 3:32 0:00
Dylan Blujus 0 2 2 0 0 1 2 1 1 2 0/0 22:01 2:08 2:33
Dylan Sikura 0 0 0 -1 0 2 1 0 0 0 0/0 11:08 0:00 0:39
Emil Bemstrom 0 0 0 -1 2 1 2 0 0 0 0/0 8:17 0:00 0:00
Ethan Bear 0 0 0 1 0 2 3 1 1 2 0/0 26:46 3:49 1:25
Jean-Sebastien Dea 0 0 0 -1 0 1 1 0 1 0 0/1 8:12 0:00 0:00
Joachim Blichfeld 0 0 0 -1 0 4 0 0 0 0 0/2 16:58 3:32 0:00
Jordan Kyrou 4 0 4 3 0 4 2 0 0 1 2/3 18:37 2:25 0:00
Matt Roy 0 1 1 -1 0 0 2 0 0 1 0/0 18:15 2:08 1:25
Pierre Engvall 0 0 0 -1 0 0 0 1 0 0 0/0 12:59 0:00 2:16
Pierre-Luc Dubois 0 0 0 -1 0 0 0 0 0 0 0/0 8:12 0:00 0:00
Rourke Chartier 0 3 3 2 0 6 0 0 1 0 20/32 22:54 3:32 0:07
T.J. Tynan 0 0 0 -1 0 3 4 1 0 0 7/11 16:49 2:25 2:15
Travis Sanheim 0 0 0 0 0 0 4 1 0 0 0/0 25:00 3:49 0:00
3 Stars
1 - Jordan Kyrou (San)
2 - Pavel Kraskovsky (BRI)
3 - Ben Thomson (BRI)
Power Play
Sound Tigers - 0 on 2 Attempt(s) - 0.00%
Rampage - 0 on 3 Attempt(s) - 0.00%
Penalty Kill
Sound Tigers - 3 on 3 Attempt(s) - 100.00%
- Score 0 goal in Penalty Kill
Rampage - 2 on 2 Attempt(s) - 100.00%
- Score 0 goal in Penalty Kill
Team Stat
Sound Tigers - Hits : 26 - Faceoff Wins : 21 - Blocked Shots : 12 - Penalty Minutes : 6
Rampage - Hits : 28 - Faceoff Wins : 38 - Blocked Shots : 7 - Penalty Minutes : 4
Official
Referees : Dan Kelly and Garrett Rank
Linesman : Ryan Daisy and Travis Gawryletz
Game Notes
Jordan Kyrou has scored a Hat Trick!
Chris Driedger enters game at 18:14 of 1st period
Finance
Level 1 -- Attendance: 1794 (89.70%) -- Ticket Income $62,790
Level 2 -- Attendance: 895 (89.50%) -- Ticket Income $13,425
Total Attendance: 2689 (89.63%)
Total Ticket Income: $76,215
Other Income: $3,811
Total Income: $80,026
Sound Tigers
5 vs 5 Forward
Center Left Wing Right Wing Time % Phy DF OF
1 Ryan Hartman Alex Tuch Borna Rendulic 40 1 2 2
2 Joe Labate Garret Ross James Livingstone 30 1 2 2
3 Pavel Kraskovsky Ben Thomson Ross Colton 20 1 2 2
4 Rhett Gardner Tyrell Goulbourne Josh Archibald 10 1 2 2
5 vs 5 Defense
Defense Defense Time % Phy DF OF
1 Gabriel Carlsson Taylor Aronson 40 1 2 2
2 Miro Heiskanen Nick Blankenburg 30 1 2 2
3 Alexander Yelesin Casey Staum 20 1 2 2
4 Gabriel Carlsson Taylor Aronson 10 1 2 2
PowerPlay Forward
Center Left Wing Right Wing Time % Phy DF OF
1 Ryan Hartman Alex Tuch Borna Rendulic 60 1 2 2
2 Joe Labate Garret Ross James Livingstone 40 1 2 2
PowerPlay Defense
Defense Defense Time % Phy DF OF
1 Gabriel Carlsson Taylor Aronson 60 1 2 2
2 Miro Heiskanen Nick Blankenburg 40 1 2 2
Penalty Kill 4 Players Forward
Center Wing Time % Phy DF OF
1 Ryan Hartman Alex Tuch 60 1 2 2
2 Joe Labate Garret Ross 40 1 2 2
Penalty Kill 4 Players Defense
Defense Defense Time % Phy DF OF
1 Gabriel Carlsson Taylor Aronson 60 1 2 2
2 Miro Heiskanen Nick Blankenburg 40 1 2 2
Penalty Kill - 3 Players Forward
Forward Time % Phy DF OF
1 Ryan Hartman 60 1 2 2
2 Joe Labate 40 1 2 2
Penalty Kill - 3 Players Defense
Defense Defense Time % Phy DF OF
1 Gabriel Carlsson Taylor Aronson 60 1 2 2
2 Miro Heiskanen Nick Blankenburg 40 1 2 2
4 vs 4 Forward
Center Wing Time % Phy DF OF
1 Ryan Hartman Alex Tuch 60 1 2 2
2 Joe Labate Garret Ross 40 1 2 2
4 vs 4 Defense
Defense Defense Time % Phy DF OF
1 Gabriel Carlsson Taylor Aronson 60 1 2 2
2 Miro Heiskanen Nick Blankenburg 40 1 2 2
Last Minutes Offensive
Center Left Wing Right Wing Defense Defense
Ryan Hartman Alex Tuch Borna Rendulic Gabriel Carlsson Taylor Aronson
Last Minutes Defensive
Center Left Wing Right Wing Defense Defense
Ryan Hartman Alex Tuch Borna Rendulic Gabriel Carlsson Taylor Aronson
Goaltenders
Starting : Pavel Francouz
Backup : Chris Driedger
Extra Forwards
Normal : James Livingstone, Ben Thomson, Joe Labate - PP : James Livingstone, Ben Thomson - PK : James Livingstone
Extra Defensemen
Normal : Nick Blankenburg, Alexander Yelesin, Casey Staum - PP : Nick Blankenburg - PK : Nick Blankenburg, Alexander Yelesin
Penalty Shots
Alex Tuch, Ryan Hartman, Garret Ross, Borna Rendulic, James Livingstone
Scratches
Greg Pateryn (Healthy), Jakub Galvas (Right Hand Injury), Slater Koekkoek (Sprained Right Ankle Injury), Stuart Skinner (Healthy), Sean Maguire (Healthy)
Rampage
5 vs 5 Forward
Center Left Wing Right Wing Time % Phy DF OF
1 Rourke Chartier Dominik Simon Jordan Kyrou 40 1 2 2
2 T.J. Tynan Christian Dvorak Joachim Blichfeld 30 1 2 2
3 Anthony Richard Pierre Engvall Dylan Sikura 20 1 2 2
4 Jean-Sebastien Dea Pierre-Luc Dubois Emil Bemstrom 10 1 2 2
5 vs 5 Defense
Defense Defense Time % Phy DF OF
1 Travis Sanheim Ethan Bear 40 1 2 2
2 Dylan Blujus Matt Roy 30 1 2 2
3 Adam Clendening Collin Miller 20 1 2 2
4 Dylan Blujus Ethan Bear 10 1 2 2
PowerPlay Forward
Center Left Wing Right Wing Time % Phy DF OF
1 Rourke Chartier Dominik Simon Joachim Blichfeld 60 1 2 2
2 T.J. Tynan Christian Dvorak Jordan Kyrou 40 1 2 2
PowerPlay Defense
Defense Defense Time % Phy DF OF
1 Travis Sanheim Ethan Bear 60 1 2 2
2 Matt Roy Dylan Blujus 40 1 2 2
Penalty Kill 4 Players Forward
Center Wing Time % Phy DF OF
1 T.J. Tynan Pierre Engvall 60 1 2 2
2 Anthony Richard Dylan Sikura 40 1 2 2
Penalty Kill 4 Players Defense
Defense Defense Time % Phy DF OF
1 Collin Miller Dylan Blujus 60 1 2 2
2 Matt Roy Ethan Bear 40 1 2 2
Penalty Kill - 3 Players Forward
Forward Time % Phy DF OF
1 Anthony Richard 60 1 2 2
2 Joachim Blichfeld 40 1 2 2
Penalty Kill - 3 Players Defense
Defense Defense Time % Phy DF OF
1 Adam Clendening Collin Miller 60 1 2 2
2 Dylan Blujus Ethan Bear 40 1 2 2
4 vs 4 Forward
Center Wing Time % Phy DF OF
1 T.J. Tynan Pierre Engvall 60 1 2 2
2 Jean-Sebastien Dea Christian Dvorak 40 1 2 2
4 vs 4 Defense
Defense Defense Time % Phy DF OF
1 Matt Roy Adam Clendening 60 1 2 2
2 Dylan Blujus Travis Sanheim 40 1 2 2
Last Minutes Offensive
Center Left Wing Right Wing Defense Defense
Rourke Chartier Dominik Simon Joachim Blichfeld Travis Sanheim Ethan Bear
Last Minutes Defensive
Center Left Wing Right Wing Defense Defense
T.J. Tynan Pierre Engvall Dylan Sikura Adam Clendening Dylan Blujus
Goaltenders
Starting : Jake Oettinger
Backup : Magnus Hellberg
Extra Forwards
Normal : Pierre Engvall, Joachim Blichfeld, Jean-Sebastien Dea - PP : T.J. Tynan, Rourke Chartier - PK : T.J. Tynan
Extra Defensemen
Normal : Ethan Bear, Dylan Blujus, Travis Sanheim - PP : Matt Roy - PK : Collin Miller, Matt Roy
Penalty Shots
Jordan Kyrou, Rourke Chartier, Anthony Richard, Joachim Blichfeld, Christian Dvorak
Scratches
Artturi Lehkonen (Healthy), Frederic Allard (Healthy), Trent Frederic (Healthy), Emil Larmi (Healthy)
% Time on Ice - Sound Tigers
Lines # - Real PCT - Wanted PCT - Time Play
Normal Forward
1 - 34% - 40% - 16:33
2 - 30% - 30% - 14:26
3 - 20% - 20% - 9:54
4 - 16% - 10% - 8:01
Normal Defense
1 - 39% - 40% - 19:00
2 - 30% - 30% - 14:54
3 - 27% - 20% - 12:59
4 - 4% - 10% - 2:01
PP Forward
1 - 57% - 60% - 2:15
2 - 43% - 40% - 1:43
PP Defense
1 - 53% - 60% - 2:07
2 - 47% - 40% - 1:51
PK Forward
1 - 71% - 60% - 4:12
2 - 29% - 40% - 1:45
PK Defense
1 - 58% - 60% - 3:26
2 - 42% - 40% - 2:31
PK3 Forward
1 - 0% - 60%
2 - 0% - 40%
PK3 Defense
1 - 0% - 60%
2 - 0% - 40%
44 Forward
1 - 0% - 60%
2 - 0% - 40%
44 Defense
1 - 0% - 60%
2 - 0% - 40%
Last Minute Offensive - 0:00
Last Minute Defensive - 1:11
Total
Forward - 60:00
Defense - 60:00
|
% Time on Ice - Rampage
Lines # - Real PCT - Wanted PCT - Time Play
Normal Forward
1 - 37% - 40% - 18:01
2 - 25% - 30% - 12:09
3 - 21% - 20% - 10:29
4 - 17% - 10% - 8:12
Normal Defense
1 - 40% - 40% - 19:30
2 - 30% - 30% - 14:42
3 - 26% - 20% - 12:37
4 - 4% - 10% - 2:02
PP Forward
1 - 59% - 60% - 3:32
2 - 41% - 40% - 2:25
PP Defense
1 - 64% - 60% - 3:49
2 - 36% - 40% - 2:08
PK Forward
1 - 84% - 60% - 3:19
2 - 16% - 40% - 0:39
PK Defense
1 - 64% - 60% - 2:33
2 - 36% - 40% - 1:25
PK3 Forward
1 - 0% - 60%
2 - 0% - 40%
PK3 Defense
1 - 0% - 60%
2 - 0% - 40%
44 Forward
1 - 0% - 60%
2 - 0% - 40%
44 Defense
1 - 0% - 60%
2 - 0% - 40%
Last Minute Offensive - 1:14
Last Minute Defensive - 0:00
Total
Forward - 60:00
Defense - 60:00
|
Play-by-Play
1st period
0:01 of 1st period - Ryan Hartman wins face-off versus Rourke Chartier in neutral zone.
0:27 of 1st period - Christian Dvorak is hit by Garret Ross and loses puck.
1:03 of 1st period - Snap shot by Joachim Blichfeld.
1:03 of 1st period - Shot Misses the Net.
1:31 of 1st period - Wrist shot by T.J. Tynan.
1:31 of 1st period - Shot Blocked by Ben Thomson.
2:01 of 1st period - Backhand shot by Ben Thomson.
2:01 of 1st period - Shot Misses the Net.
2:37 of 1st period - Snap shot by Pavel Kraskovsky.
2:37 of 1st period - Goal by Pavel Kraskovsky - Sound Tigers : 1 - Rampage : 0.
2:38 of 1st period - Rourke Chartier wins face-off versus Ryan Hartman in neutral zone.
3:05 of 1st period - Anthony Richard is hit by Garret Ross and loses puck.
3:43 of 1st period - Wrist shot by Rhett Gardner.
3:43 of 1st period - Stopped by Jake Oettinger without a rebound.
3:44 of 1st period - Rourke Chartier wins face-off versus Ryan Hartman in Rampage zone.
4:00 of 1st period - Slapshot by Borna Rendulic.
4:00 of 1st period - Shot Misses the Net.
4:52 of 1st period - Ethan Bear is hit by Nick Blankenburg and loses puck.
5:36 of 1st period - Pierre Engvall is hit by Ben Thomson.
5:46 of 1st period - Collin Miller is hit by Ryan Hartman and loses puck.
5:51 of 1st period - Wrist shot by Ryan Hartman.
5:51 of 1st period - Stopped by Jake Oettinger with a rebound.
6:12 of 1st period - Adam Clendening is hit by Tyrell Goulbourne and loses puck.
6:22 of 1st period - Icing by Tyrell Goulbourne.
6:23 of 1st period - Rhett Gardner wins face-off versus Christian Dvorak in Sound Tigers zone.
6:34 of 1st period - Borna Rendulic is hit by T.J. Tynan and loses puck.
6:56 of 1st period - Snap shot by Garret Ross.
6:56 of 1st period - Shot Blocked by Travis Sanheim.
6:58 of 1st period - Slapshot by James Livingstone.
6:58 of 1st period - Stopped by Jake Oettinger without a rebound.
6:59 of 1st period - Joe Labate wins face-off versus Rourke Chartier in Rampage zone.
7:00 of 1st period - Wrist shot by Garret Ross.
7:00 of 1st period - Stopped by Jake Oettinger with a rebound.
7:02 of 1st period - Wrist shot by Garret Ross.
7:02 of 1st period - Stopped by Jake Oettinger without a rebound.
7:03 of 1st period - Ryan Hartman wins face-off versus Rourke Chartier in Rampage zone.
7:18 of 1st period - Snap shot by Alex Tuch.
7:18 of 1st period - Stopped by Jake Oettinger without a rebound.
7:19 of 1st period - Anthony Richard wins face-off versus Joe Labate in Rampage zone.
8:17 of 1st period - Wrist shot by Dominik Simon.
8:17 of 1st period - Shot Misses the Net.
8:19 of 1st period - Backhand shot by Ethan Bear.
8:19 of 1st period - Stopped by Pavel Francouz without a rebound.
8:20 of 1st period - Rourke Chartier wins face-off versus Ryan Hartman in Sound Tigers zone.
8:21 of 1st period - Wrist shot by Dominik Simon.
8:21 of 1st period - Shot Misses the Net.
8:23 of 1st period - Slapshot by Jordan Kyrou.
8:23 of 1st period - Shot Blocked by Borna Rendulic.
8:25 of 1st period - Slapshot by Matt Roy.
8:25 of 1st period - Deflect By Jordan Kyrou.
8:25 of 1st period - Goal by Jordan Kyrou - Sound Tigers : 1 - Rampage : 1.
8:26 of 1st period - Rourke Chartier wins face-off versus Ryan Hartman in neutral zone.
8:38 of 1st period - Off-side.
8:39 of 1st period - Jordan Kyrou wins face-off versus Joe Labate in neutral zone.
8:46 of 1st period - Snap shot by Rourke Chartier.
8:46 of 1st period - Stopped by Pavel Francouz with a rebound.
9:21 of 1st period - Minor Penalty to Casey Staum for High sticking.
9:22 of 1st period - Rourke Chartier wins face-off versus Ryan Hartman in Sound Tigers zone.
9:35 of 1st period - Snap shot by Dominik Simon.
9:35 of 1st period - Deflect By Rourke Chartier.
9:35 of 1st period - Shot Misses the Net.
9:35 of 1st period - Puck is out of play.
9:36 of 1st period - Ryan Hartman wins face-off versus Joachim Blichfeld in Sound Tigers zone.
9:45 of 1st period - Wrist shot by Dominik Simon.
9:45 of 1st period - Stopped by Pavel Francouz with a rebound.
10:03 of 1st period - Alex Tuch is hit by Travis Sanheim and loses puck.
11:21 of 1st period - Penalty to Casey Staum is over, Casey Staum is back on ice.
12:43 of 1st period - Snap shot by Joe Labate.
12:43 of 1st period - Goal by Joe Labate - Sound Tigers : 2 - Rampage : 1.
12:44 of 1st period - Rourke Chartier wins face-off versus Ryan Hartman in neutral zone.
12:47 of 1st period - Snap shot by Dominik Simon.
12:47 of 1st period - Stopped by Pavel Francouz with a rebound.
13:32 of 1st period - T.J. Tynan is hit by Alexander Yelesin and loses puck.
13:39 of 1st period - Wrist shot by Garret Ross.
13:39 of 1st period - Shot Misses the Net.
13:43 of 1st period - Snap shot by Garret Ross.
13:43 of 1st period - Shot Blocked by Christian Dvorak.
14:03 of 1st period - Slapshot by Jordan Kyrou.
14:03 of 1st period - Goal by Jordan Kyrou - Sound Tigers : 2 - Rampage : 2.
14:04 of 1st period - Rourke Chartier wins face-off versus Joe Labate in neutral zone.
14:09 of 1st period - Wrist shot by Dominik Simon.
14:09 of 1st period - Shot Misses the Net.
14:11 of 1st period - Snap shot by Rourke Chartier.
14:11 of 1st period - Stopped by Pavel Francouz with a rebound.
14:29 of 1st period - Garret Ross is hit by Travis Sanheim and loses puck.
14:40 of 1st period - Slapshot by Garret Ross.
14:40 of 1st period - Shot Misses the Net.
14:42 of 1st period - Slapshot by James Livingstone.
14:42 of 1st period - Stopped by Jake Oettinger with a rebound.
14:52 of 1st period - Slapshot by Garret Ross.
14:52 of 1st period - Deflect By Joe Labate.
14:52 of 1st period - Shot Blocked by Anthony Richard.
14:52 of 1st period - Puck is out of play.
14:53 of 1st period - Rourke Chartier wins face-off versus Ryan Hartman in Rampage zone.
15:02 of 1st period - Slapshot by Jordan Kyrou.
15:02 of 1st period - Goal by Jordan Kyrou - Sound Tigers : 2 - Rampage : 3.
15:03 of 1st period - Rourke Chartier wins face-off versus Ryan Hartman in neutral zone.
15:08 of 1st period - Snap shot by Rourke Chartier.
15:08 of 1st period - Stopped by Pavel Francouz with a rebound.
15:10 of 1st period - Slapshot by Jordan Kyrou.
15:10 of 1st period - Shot Blocked by Taylor Aronson.
15:12 of 1st period - Wrist shot by Dominik Simon.
15:12 of 1st period - Shot Misses the Net.
15:51 of 1st period - Slapshot by Alex Tuch.
15:51 of 1st period - Stopped by Jake Oettinger without a rebound.
15:52 of 1st period - Joe Labate wins face-off versus T.J. Tynan in Rampage zone.
16:01 of 1st period - Snap shot by Garret Ross.
16:01 of 1st period - Shot Blocked by T.J. Tynan.
16:07 of 1st period - Slapshot by T.J. Tynan.
16:07 of 1st period - Shot Blocked by Garret Ross.
16:19 of 1st period - Miro Heiskanen is hit by Dominik Simon and loses puck.
16:24 of 1st period - Snap shot by Dominik Simon.
16:24 of 1st period - Shot Blocked by Nick Blankenburg.
16:58 of 1st period - Wrist shot by Garret Ross.
16:58 of 1st period - Shot Misses the Net.
17:30 of 1st period - Ben Thomson is hit by Christian Dvorak and loses puck.
17:37 of 1st period - Backhand shot by Joachim Blichfeld.
17:37 of 1st period - Stopped by Pavel Francouz without a rebound.
17:38 of 1st period - Rourke Chartier wins face-off versus Ryan Hartman in Sound Tigers zone.
17:48 of 1st period - Slapshot by Rourke Chartier.
17:48 of 1st period - Stopped by Pavel Francouz with a rebound.
17:50 of 1st period - Wrist shot by Dylan Blujus.
17:50 of 1st period - Deflect By Dominik Simon.
17:50 of 1st period - Stopped by Pavel Francouz without a rebound.
17:51 of 1st period - Rourke Chartier wins face-off versus Alex Tuch in Sound Tigers zone.
17:52 of 1st period - Wrist shot by Dominik Simon.
17:52 of 1st period - Shot Misses the Net.
17:54 of 1st period - Snap shot by Rourke Chartier.
17:54 of 1st period - Shot Misses the Net.
17:56 of 1st period - Snap shot by Dominik Simon.
17:56 of 1st period - Stopped by Pavel Francouz without a rebound.
17:57 of 1st period - Ryan Hartman wins face-off versus Rourke Chartier in Sound Tigers zone.
18:02 of 1st period - Slapshot by Rourke Chartier.
18:02 of 1st period - Deflect By Gabriel Carlsson.
18:02 of 1st period - Stopped by Pavel Francouz without a rebound.
18:03 of 1st period - Rourke Chartier wins face-off versus Ryan Hartman in Sound Tigers zone.
18:10 of 1st period - Snap shot by Jordan Kyrou.
18:10 of 1st period - Shot Misses the Net.
18:12 of 1st period - Slapshot by Dylan Blujus.
18:12 of 1st period - Stopped by Pavel Francouz with a rebound.
18:14 of 1st period - Slapshot by Jordan Kyrou.
18:14 of 1st period - Goal by Jordan Kyrou - Sound Tigers : 2 - Rampage : 4.
18:14 of 1st period - Chris Driedger enters game.
18:15 of 1st period - Ryan Hartman wins face-off versus Rourke Chartier in neutral zone.
18:51 of 1st period - Snap shot by Joe Labate.
18:51 of 1st period - Shot Misses the Net.
19:06 of 1st period - Off-side.
19:07 of 1st period - Anthony Richard wins face-off versus Ryan Hartman in neutral zone.
19:34 of 1st period - James Livingstone is hit by Dominik Simon.
Goals for this period are 2 for Sound Tigers vs 4 for Rampage.
Shots for this period are 10 for Sound Tigers vs 16 for Rampage.
2nd period
0:01 of 2nd period - Ryan Hartman wins face-off versus Rourke Chartier in neutral zone.
0:06 of 2nd period - Ethan Bear is hit by Ryan Hartman and loses puck.
0:22 of 2nd period - Icing by Dylan Blujus.
0:23 of 2nd period - Joe Labate wins face-off versus Jordan Kyrou in Rampage zone.
0:24 of 2nd period - Snap shot by Garret Ross.
0:24 of 2nd period - Stopped by Jake Oettinger with a rebound.
0:28 of 2nd period - Wrist shot by Garret Ross.
0:28 of 2nd period - Deflect By Joe Labate.
0:28 of 2nd period - Deflect By Dylan Blujus.
0:28 of 2nd period - Stopped by Jake Oettinger with a rebound.
0:30 of 2nd period - Backhand shot by Garret Ross.
0:30 of 2nd period - Stopped by Jake Oettinger without a rebound.
0:31 of 2nd period - T.J. Tynan wins face-off versus Joe Labate in Rampage zone.
0:31 of 2nd period - T.J. Tynan is hit by Joe Labate.
1:05 of 2nd period - Snap shot by Ryan Hartman.
1:05 of 2nd period - Stopped by Jake Oettinger with a rebound.
1:07 of 2nd period - Wrist shot by Borna Rendulic.
1:07 of 2nd period - Stopped by Jake Oettinger with a rebound.
1:33 of 2nd period - Slapshot by Ethan Bear.
1:33 of 2nd period - Stopped by Chris Driedger without a rebound.
1:34 of 2nd period - T.J. Tynan wins face-off versus Ryan Hartman in Sound Tigers zone.
1:45 of 2nd period - Snap shot by T.J. Tynan.
1:45 of 2nd period - Stopped by Chris Driedger with a rebound.
1:47 of 2nd period - Wrist shot by Joachim Blichfeld.
1:47 of 2nd period - Stopped by Chris Driedger with a rebound.
1:49 of 2nd period - Slapshot by Matt Roy.
1:49 of 2nd period - Deflect By Christian Dvorak.
1:49 of 2nd period - Shot Blocked by Gabriel Carlsson.
1:49 of 2nd period - Puck is out of play.
1:50 of 2nd period - Joe Labate wins face-off versus Rourke Chartier in Sound Tigers zone.
1:57 of 2nd period - Snap shot by Garret Ross.
1:57 of 2nd period - Shot Blocked by Dylan Blujus.
2:15 of 2nd period - Christian Dvorak is hit by Alex Tuch and loses puck.
2:42 of 2nd period - Snap shot by Ben Thomson.
2:42 of 2nd period - Shot Misses the Net.
2:44 of 2nd period - Slapshot by Gabriel Carlsson.
2:44 of 2nd period - Shot Blocked by Pierre Engvall.
3:14 of 2nd period - Wrist shot by Jordan Kyrou.
3:14 of 2nd period - Deflect By Rourke Chartier.
3:14 of 2nd period - Shot Misses the Net.
3:14 of 2nd period - Puck is out of play.
3:15 of 2nd period - Rourke Chartier wins face-off versus Joe Labate in Sound Tigers zone.
3:40 of 2nd period - Ryan Hartman is hit by T.J. Tynan and loses puck.
3:49 of 2nd period - Wrist shot by T.J. Tynan.
3:49 of 2nd period - Shot Misses the Net.
3:59 of 2nd period - Minor Penalty to Casey Staum for Hooking.
4:00 of 2nd period - Rourke Chartier wins face-off versus Ryan Hartman in Sound Tigers zone.
4:14 of 2nd period - Wrist shot by Dominik Simon.
4:14 of 2nd period - Deflect By Rourke Chartier.
4:14 of 2nd period - Shot Blocked by Gabriel Carlsson.
4:14 of 2nd period - Puck is out of play.
4:15 of 2nd period - Rourke Chartier wins face-off versus Ryan Hartman in Sound Tigers zone.
4:16 of 2nd period - Wrist shot by Dominik Simon.
4:16 of 2nd period - Shot Misses the Net.
4:51 of 2nd period - Wrist shot by Garret Ross.
4:51 of 2nd period - Shot Misses the Net.
4:53 of 2nd period - Wrist shot by Joe Labate.
4:53 of 2nd period - Shot Misses the Net.
4:55 of 2nd period - Slapshot by Taylor Aronson.
4:55 of 2nd period - Shot Blocked by Ethan Bear.
5:59 of 2nd period - Penalty to Casey Staum is over, Casey Staum is back on ice.
6:32 of 2nd period - Tyrell Goulbourne is hit by Travis Sanheim and loses puck.
7:04 of 2nd period - T.J. Tynan is hit by Nick Blankenburg and loses puck.
7:45 of 2nd period - Christian Dvorak is hit by Ryan Hartman and loses puck.
7:58 of 2nd period - Rhett Gardner is hit by Jordan Kyrou and loses puck.
8:29 of 2nd period - Tyrell Goulbourne is hit by Dylan Sikura and loses puck.
9:07 of 2nd period - Nick Blankenburg is hit by Emil Bemstrom.
9:32 of 2nd period - James Livingstone is hit by Anthony Richard and loses puck.
9:55 of 2nd period - Rourke Chartier is hit by Tyrell Goulbourne and loses puck.
10:15 of 2nd period - Nick Blankenburg is hit by Jordan Kyrou and loses puck.
11:02 of 2nd period - Snap shot by Christian Dvorak.
11:02 of 2nd period - Shot Misses the Net.
11:04 of 2nd period - Slapshot by Collin Miller.
11:04 of 2nd period - Shot Blocked by Alexander Yelesin.
11:06 of 2nd period - Slapshot by Christian Dvorak.
11:06 of 2nd period - Shot Misses the Net.
11:08 of 2nd period - Snap shot by T.J. Tynan.
11:08 of 2nd period - Stopped by Chris Driedger without a rebound.
11:09 of 2nd period - Anthony Richard wins face-off versus Ryan Hartman in Sound Tigers zone.
11:34 of 2nd period - Taylor Aronson is hit by Jean-Sebastien Dea.
11:40 of 2nd period - Slapshot by Emil Bemstrom.
11:40 of 2nd period - Shot Misses the Net.
12:00 of 2nd period - Slapshot by Pavel Kraskovsky.
12:00 of 2nd period - Stopped by Jake Oettinger with a rebound.
12:02 of 2nd period - Snap shot by Ben Thomson.
12:02 of 2nd period - Goal by Ben Thomson - Sound Tigers : 3 - Rampage : 4.
12:03 of 2nd period - Ryan Hartman wins face-off versus Rourke Chartier in neutral zone.
12:28 of 2nd period - Nick Blankenburg is hit by T.J. Tynan.
12:54 of 2nd period - Ben Thomson is hit by Ethan Bear and loses puck.
13:21 of 2nd period - Slapshot by Emil Bemstrom.
13:21 of 2nd period - Deflect By Tyrell Goulbourne.
13:21 of 2nd period - Stopped by Chris Driedger without a rebound.
13:22 of 2nd period - Dominik Simon wins face-off versus Ryan Hartman in Sound Tigers zone.
13:49 of 2nd period - Nick Blankenburg is hit by Dylan Blujus and loses puck.
14:36 of 2nd period - Snap shot by Anthony Richard.
14:36 of 2nd period - Stopped by Chris Driedger without a rebound.
14:37 of 2nd period - Rourke Chartier wins face-off versus Ryan Hartman in Sound Tigers zone.
14:45 of 2nd period - Off-side.
14:46 of 2nd period - Ryan Hartman wins face-off versus Rourke Chartier in neutral zone.
15:19 of 2nd period - Slapshot by Alex Tuch.
15:19 of 2nd period - Stopped by Jake Oettinger with a rebound.
15:21 of 2nd period - Wrist shot by Ryan Hartman.
15:21 of 2nd period - Deflect By Dominik Simon.
15:21 of 2nd period - Shot Misses the Net.
15:21 of 2nd period - Puck is out of play.
15:22 of 2nd period - T.J. Tynan wins face-off versus Joe Labate in Rampage zone.
15:28 of 2nd period - Icing by T.J. Tynan.
15:29 of 2nd period - T.J. Tynan wins face-off versus Joe Labate in Rampage zone.
15:47 of 2nd period - Minor Penalty to James Livingstone for Hooking.
15:48 of 2nd period - Rourke Chartier wins face-off versus Ryan Hartman in Sound Tigers zone.
15:48 of 2nd period - Wrist shot by Joachim Blichfeld.
15:48 of 2nd period - Shot Misses the Net.
16:57 of 2nd period - Icing by Joachim Blichfeld.
16:58 of 2nd period - Rourke Chartier wins face-off versus Ryan Hartman in Rampage zone.
17:29 of 2nd period - Wrist shot by Joe Labate.
17:29 of 2nd period - Stopped by Jake Oettinger with a rebound.
17:47 of 2nd period - Penalty to James Livingstone is over, James Livingstone is back on ice.
17:54 of 2nd period - Taylor Aronson is hit by Dylan Blujus and loses puck.
17:59 of 2nd period - Wrist shot by Ben Thomson.
17:59 of 2nd period - Stopped by Jake Oettinger without a rebound.
18:00 of 2nd period - Anthony Richard wins face-off versus Joe Labate in Rampage zone.
19:06 of 2nd period - Alex Tuch is hit by Christian Dvorak and loses puck.
Goals for this period are 1 for Sound Tigers vs 0 for Rampage.
Shots for this period are 10 for Sound Tigers vs 6 for Rampage.
3rd period
0:01 of 3rd period - Ryan Hartman wins face-off versus Rourke Chartier in neutral zone.
0:51 of 3rd period - Slapshot by Dylan Sikura.
0:51 of 3rd period - Stopped by Chris Driedger with a rebound.
1:12 of 3rd period - Gabriel Carlsson is hit by Emil Bemstrom and loses puck.
1:47 of 3rd period - Ryan Hartman is hit by T.J. Tynan and loses puck.
2:12 of 3rd period - Snap shot by Garret Ross.
2:12 of 3rd period - Shot Misses the Net.
2:28 of 3rd period - Slapshot by Taylor Aronson.
2:28 of 3rd period - Stopped by Jake Oettinger with a rebound.
2:30 of 3rd period - Wrist shot by Pavel Kraskovsky.
2:30 of 3rd period - Goal by Pavel Kraskovsky - Sound Tigers : 4 - Rampage : 4.
2:31 of 3rd period - Ryan Hartman wins face-off versus Rourke Chartier in neutral zone.
2:40 of 3rd period - Nick Blankenburg is hit by Travis Sanheim and loses puck.
2:57 of 3rd period - Ethan Bear is hit by Miro Heiskanen and loses puck.
3:16 of 3rd period - Alexander Yelesin is hit by Matt Roy and loses puck.
3:34 of 3rd period - Minor Penalty to Emil Bemstrom for Hooking.
3:35 of 3rd period - Ryan Hartman wins face-off versus T.J. Tynan in Rampage zone.
4:06 of 3rd period - Dylan Blujus is hit by Joe Labate.
4:18 of 3rd period - Anthony Richard is hit by Borna Rendulic and loses puck.
5:32 of 3rd period - Ben Thomson is hit by Ethan Bear and loses puck.
5:34 of 3rd period - Penalty to Emil Bemstrom is over, Emil Bemstrom is back on ice.
6:37 of 3rd period - Off-side.
6:38 of 3rd period - Anthony Richard wins face-off versus Ryan Hartman in neutral zone.
6:43 of 3rd period - Snap shot by Anthony Richard.
6:43 of 3rd period - Stopped by Chris Driedger without a rebound.
6:44 of 3rd period - T.J. Tynan wins face-off versus Ryan Hartman in Sound Tigers zone.
6:45 of 3rd period - Snap shot by Joachim Blichfeld.
6:45 of 3rd period - Stopped by Chris Driedger without a rebound.
6:46 of 3rd period - Ryan Hartman wins face-off versus T.J. Tynan in Sound Tigers zone.
7:00 of 3rd period - Snap shot by Ryan Hartman.
7:00 of 3rd period - Stopped by Jake Oettinger with a rebound.
7:04 of 3rd period - Snap shot by Alex Tuch.
7:04 of 3rd period - Stopped by Jake Oettinger without a rebound.
7:05 of 3rd period - Rourke Chartier wins face-off versus Joe Labate in Rampage zone.
7:05 of 3rd period - Rourke Chartier is hit by James Livingstone.
7:27 of 3rd period - Minor Penalty to Dominik Simon for High sticking.
7:28 of 3rd period - T.J. Tynan wins face-off versus Ryan Hartman in Rampage zone.
7:28 of 3rd period - T.J. Tynan is hit by Borna Rendulic.
7:38 of 3rd period - Snap shot by T.J. Tynan.
7:38 of 3rd period - Stopped by Chris Driedger with a rebound.
7:42 of 3rd period - Wrist shot by Pierre Engvall.
7:42 of 3rd period - Deflect By T.J. Tynan.
7:42 of 3rd period - Shot Blocked by Taylor Aronson.
7:42 of 3rd period - Puck is out of play.
7:43 of 3rd period - T.J. Tynan wins face-off versus Ryan Hartman in Sound Tigers zone.
8:48 of 3rd period - Dylan Sikura is hit by Garret Ross and loses puck.
9:27 of 3rd period - Penalty to Dominik Simon is over, Dominik Simon is back on ice.
9:28 of 3rd period - James Livingstone is hit by Matt Roy and loses puck.
10:08 of 3rd period - Tyrell Goulbourne is hit by Christian Dvorak and loses puck.
10:45 of 3rd period - Snap shot by Tyrell Goulbourne.
10:45 of 3rd period - Shot Misses the Net.
10:47 of 3rd period - Slapshot by Taylor Aronson.
10:47 of 3rd period - Shot Hit the Post.
10:52 of 3rd period - Snap shot by Tyrell Goulbourne.
10:52 of 3rd period - Goal by Tyrell Goulbourne - Sound Tigers : 5 - Rampage : 4.
10:53 of 3rd period - Anthony Richard wins face-off versus Ryan Hartman in neutral zone.
11:02 of 3rd period - Snap shot by Anthony Richard.
11:02 of 3rd period - Shot Misses the Net.
11:06 of 3rd period - Wrist shot by Anthony Richard.
11:06 of 3rd period - Shot Blocked by Nick Blankenburg.
11:19 of 3rd period - Travis Sanheim is hit by James Livingstone and loses puck.
11:23 of 3rd period - Icing by Travis Sanheim.
11:24 of 3rd period - Joe Labate wins face-off versus Jean-Sebastien Dea in Rampage zone.
11:47 of 3rd period - Pierre-Luc Dubois is hit by Joe Labate and loses puck.
12:27 of 3rd period - Slapshot by Jean-Sebastien Dea.
12:27 of 3rd period - Stopped by Chris Driedger without a rebound.
12:28 of 3rd period - Ryan Hartman wins face-off versus Rourke Chartier in Sound Tigers zone.
12:35 of 3rd period - Wrist shot by Alex Tuch.
12:35 of 3rd period - Stopped by Jake Oettinger without a rebound.
12:36 of 3rd period - Rourke Chartier wins face-off versus Ryan Hartman in Rampage zone.
12:42 of 3rd period - Icing by Gabriel Carlsson.
12:43 of 3rd period - Jordan Kyrou wins face-off versus Borna Rendulic in Sound Tigers zone.
12:46 of 3rd period - Wrist shot by Rourke Chartier.
12:46 of 3rd period - Shot Blocked by Alex Tuch.
13:02 of 3rd period - Dominik Simon is hit by Borna Rendulic and loses puck.
13:15 of 3rd period - Rourke Chartier is hit by Ryan Hartman and loses puck.
13:32 of 3rd period - Wrist shot by Rourke Chartier.
13:32 of 3rd period - Shot Misses the Net.
13:47 of 3rd period - Ethan Bear is hit by Borna Rendulic and loses puck.
14:04 of 3rd period - Wrist shot by Ryan Hartman.
14:04 of 3rd period - Shot Misses the Net.
14:20 of 3rd period - Alex Tuch is hit by Ethan Bear and loses puck.
14:43 of 3rd period - Wrist shot by Rourke Chartier.
14:43 of 3rd period - Stopped by Chris Driedger without a rebound.
14:44 of 3rd period - Joe Labate wins face-off versus T.J. Tynan in Sound Tigers zone.
15:21 of 3rd period - Snap shot by Dylan Sikura.
15:21 of 3rd period - Stopped by Chris Driedger without a rebound.
15:22 of 3rd period - Christian Dvorak wins face-off versus Pavel Kraskovsky in Sound Tigers zone.
15:23 of 3rd period - Slapshot by Joachim Blichfeld.
15:23 of 3rd period - Shot Blocked by Alexander Yelesin.
15:47 of 3rd period - Dylan Sikura is hit by Garret Ross and loses puck.
16:06 of 3rd period - Pierre-Luc Dubois is hit by Tyrell Goulbourne and loses puck.
16:17 of 3rd period - Snap shot by Collin Miller.
16:17 of 3rd period - Deflect By Jean-Sebastien Dea.
16:17 of 3rd period - Shot Misses the Net.
16:17 of 3rd period - Puck is out of play.
16:18 of 3rd period - Anthony Richard wins face-off versus Pavel Kraskovsky in Sound Tigers zone.
16:43 of 3rd period - Casey Staum is hit by Christian Dvorak.
18:52 of 3rd period - Rampage, Jake Oettinger is pulled from the net.
18:58 of 3rd period - Snap shot by Joachim Blichfeld.
18:58 of 3rd period - Shot Misses the Net.
19:14 of 3rd period - Wrist shot by Ryan Hartman.
19:14 of 3rd period - Shot Misses the Net.
19:51 of 3rd period - Snap shot by Joachim Blichfeld.
19:51 of 3rd period - Stopped by Chris Driedger without a rebound.
19:52 of 3rd period - Teemu Selanne call a timeout for Rampage.
19:52 of 3rd period - Ryan Hartman wins face-off versus Joachim Blichfeld in Sound Tigers zone.
Goals for this period are 2 for Sound Tigers vs 0 for Rampage.
Shots for this period are 6 for Sound Tigers vs 8 for Rampage.
Output by the SimonT Hockey Simulator (STHS) for Francois Prevost